 Dungeon Crawl Stone Soup version 0.22-a0-147-gfdd7f25 (webtiles) character file.

154 mortelune the Conjurer (level 5, 0/38 HPs)
             Began as a Draconian Conjurer on Feb 7, 2018.
             Slain by an orc
             ... wielding a cursed +0 club
              (3 damage)
             ... on level 3 of the Dungeon.
             The game lasted 00:06:37 (3667 turns).

mortelune the Conjurer (Draconian Conjurer)         Turns: 3667, Time: 00:06:37

Health: 0/38       AC:  5    Str: 10    XL:     5   Next: 13%
Magic:  0/9        EV: 13    Int: 16    God:
Gold:   74         SH:  0    Dex: 12    Spells: 0/10 levels left

rFire    . . .     SeeInvis .   e - +0 mace
rCold    . . .     Gourm    .   (no shield)
rNeg     . . .     Faith    .   (armour unavailable)
rPois    .         Spirit   .   (helmet restricted)
rElec    .         Reflect  .   (no cloak)
rCorr    .         Harm     .   (no gloves)
MR       .....                  (no boots)
Stlth    ++........             (no amulet)
HPRegen  0.12/turn              (no ring)
MPRegen  0.11/turn              (no ring)

@: no status effects
A: unfitting armour, cold-blooded, AC +5
a: no special abilities


You were on level 3 of the Dungeon.
You were not hungry.

You visited 1 branch of the dungeon, and saw 3 of its levels.

You collected 74 gold pieces.

Inventory:

Hand Weapons
 d - a +0 club
 e - a +0 mace (weapon)
Scrolls
 f - a scroll of random uselessness {unknown}
 g - a scroll of fear {unknown}
 h - a scroll of enchant armour {unknown}
 k - a scroll of fog {unknown}
 m - a scroll of remove curse {unknown}
 n - 4 scrolls of identify {unknown}
 o - a scroll of enchant weapon {unknown}
 p - a scroll of blinking {unknown}
Potions
 c - a potion of magic {unknown}
 i - 2 potions of lignification {unknown}
 j - a potion of curing {unknown}
 l - 2 potions of agility {unknown}
Books
 a - a book of Conjurations

   Spells                             Type                      Level
   a - Magic Dart                     Conjuration                  1
   b - Searing Ray                    Conjuration                  2
   c - Dazzling Spray                 Conjuration/Hexes            3
   d - Fulminant Prism                Conjuration/Hexes            4
   e - Force Lance                    Conjuration/Translocation    4
   f - Iskenderun's Mystic Blast      Conjuration                  4
Comestibles
 b - 7 rations
 q - a chunk of flesh


   Skills:
 + Level 2.8 Dodging
 - Level 1.7 Stealth
 + Level 3.0 Spellcasting
 * Level 5.4 Conjurations


You couldn't memorise any spells.
You knew the following spells:

 Your Spells              Type           Power        Failure   Level  Hunger
a - Magic Dart            Conj           ###.         1%          1    #......
b - Searing Ray           Conj           ###...       3%          2    ##.....
c - Dazzling Spray        Conj/Hex       ##....       19%         3    ###....
d - Iskenderun's Mystic   Conj           ###.....     21%         4    #####..


Dungeon Overview and Level Annotations

Branches:
Dungeon (3/15)

Altars:
Zin

Shops:
D:3 *


Innate Abilities, Weirdness & Mutations

Your plain brown scales are hard. (AC +5)
You cannot fit into any form of body armour.
You are cold-blooded and may be slowed by cold attacks.


Message History

Aim: an orc priest, wielding a hand axe and wearing a leather armour The searing ray hits the orc priest. (Press . to maintain the ray.)
The orc priest invokes the aid of Beogh against you.
Beogh smites you!
The searing ray hits the orc priest.
The orc priest is heavily wounded.
The orc barely misses you.
The orc priest invokes the aid of Beogh against you.
Beogh smites you!
* * * LOW HITPOINT WARNING * * *
The searing ray hits the orc priest.
The orc priest is severely wounded.
The orc closely misses you.
The searing ray hits the orc priest.
The orc priest is almost dead.
You finish channeling your searing ray.
The orc priest begins to cast a cantrip, but forgets the words!
The orc hits you with a club.
You die...

###### #....#
#....########
#....@o......
#>...##)#####
#.).o# .#
######(...### #
#.............
#.###########..
#.# #<# #.#


You could see an orc priest and an orc.

Vanquished Creatures
  Natasha (D:3)
  Robin (D:3)
  4 adders
  2 leopard geckos
  An orc (D:3)
  A ball python (D:2)
  A giant cockroach (D:2)
  12 goblins
  13 hobgoblins
  7 jackals
  3 quokkas
  9 bats
  5 frilled lizards
  7 kobolds
  7 rats
74 creatures vanquished.

Notes
Turn   | Place    | Note
-------+----------+-------------------------------------------
     0 | D:1      | mortelune the Draconian Conjurer began the quest for the Orb.
     0 | D:1      | Reached XP level 1. HP: 14/14 MP: 3/3
   386 | D:1      | Reached XP level 2. HP: 20/20 MP: 3/5
   390 | D:1      | Learned a level 2 spell: Searing Ray
  1133 | D:1      | Reached XP level 3. HP: 26/26 MP: 4/6
  1444 | D:1      | Learned a level 3 spell: Dazzling Spray
  2375 | D:2      | Reached XP level 4. HP: 33/33 MP: 4/7
  2710 | D:3      | Reached skill level 5 in Conjurations
  3019 | D:3      | Found Zin's Purification Station.
  3024 | D:3      | Found a glowing silver altar of Zin.
  3047 | D:3      | Noticed Natasha
  3053 | D:3      | Killed Natasha
  3094 | D:3      | Noticed Robin
  3106 | D:3      | Killed Robin
  3222 | D:3      | Reached XP level 5. HP: 38/38 MP: 5/9
  3523 | D:3      | Learned a level 4 spell: Iskenderun's Mystic Blast
  3667 | D:3      | Slain by an orc

Vault maps used:
D:1:      saegor_arrival_simple_e, minmay_pentomino_o2
D:2:      first_ration
D:3:      zin_purify, uniq_natasha, uniq_robin, uniq_ijyb

Skill      XL: |  1  2  3  4  5 |
---------------+----------------+-----
Dodging        | 2 |  2.8
Conjurations   | 5 |  5.4
Spellcasting   | 3 |  3.0
Stealth        | |  1.7

Action                   |  1- 3 |  4- 6 || total
-------------------------+-------+-------++-------
Melee: Unarmed           |     3 |       ||     3
       Mace              |    31 |    12 ||    43
       Tailslap          |     3 |       ||     3
 Cast: Magic Dart        |    60 |    52 ||   112
       Searing Ray       |    10 |     6 ||    16
  Eat: Chunk             |     6 |     4 ||    10
Armor: Skin              |    25 |     6 ||    31
Dodge: Dodged            |    42 |    30 ||    72

Table legend:
 A = Spawn XP
 B = Non-spawn XP
 C = Spawn XP percentage of total XP
 D = Spawn monster count
 E = Non-spawn monster count
 F = Spawn count percentage of total count
 G = Total turns spent on level
                    A         B        C        D         E        F      G
               +---------+---------+-------+---------+---------+-------+---------
         Total |       0 |     221 |   0.0 |       0 |      74 |   0.0 |  3667
               +---------+---------+-------+---------+---------+-------+---------
           D:1 |       0 |      42 |   0.0 |       0 |      26 |   0.0 |  1445
           D:2 |       0 |      61 |   0.0 |       0 |      23 |   0.0 |  1426
           D:3 |       0 |     118 |   0.0 |       0 |      25 |   0.0 |   796
               +---------+---------+-------+---------+---------+-------+---------
